 Dungeon Crawl Stone Soup version 0.31-a0-187-gba352fbbf7 (webtiles) character file.

Game seed: 11281762759918039455

109 qw the Skirmisher (level 4, -1/25 HPs)
             Began as a Deep Elf Hunter on June 22, 2023.
             Slain by a water moccasin (3 damage)
             ... in a sewer.
             The game lasted 00:00:46 (2076 turns).

qw the Skirmisher (Deep Elf Hunter)                 Turns: 2076, Time: 00:00:46

Health: -1/25      AC:  7    Str: 10    XL:     4   Next: 60%
Magic:  6/6        EV: 16    Int: 14    God:
Gold:   50         SH:  0    Dex: 18    Spells: 3/3 levels left

rFire   . . .        Y - +0 shortbow
rCold   + . .        (shield currently unavailable)
rNeg    . . .        e - +0 ring mail
rPois   .            (no helmet)
rElec   .            i - +0 cloak
rCorr   .            a - +0 pair of gloves
SInv    .            (no boots)
Will    .....        c - amulet of the acrobat
Stlth   +            f - ring of protection from cold
HPRegen 0.24/turn    b - +5 ring of evasion
MPRegen 0.10/turn

%: acrobat
@: lethally poisoned (-1 -> -10), about to teleport
A: no striking features
a: no special abilities


You were in a sewer.
You visited 1 branch of the dungeon, and saw 3 of its levels.
You also visited: Sewer.

You collected 165 gold pieces.
You spent 115 gold pieces at shops.


   Skills:
 - Level 1.5 Fighting
 + Level 8.0 Ranged Weapons
 - Level 2.4 Dodging
 - Level 1.2 Stealth


You had 3 spell levels left.
You didn't know any spells.
Your spell library was empty.

Inventory:

Hand Weapons
 Y - a +0 shortbow (weapon)
Armour
 a - a +0 pair of gloves (worn)
 e - a +0 ring mail (worn)
 i - a +0 cloak (worn)
Jewellery
 b - a +5 ring of evasion (right hand)
 c - an amulet of the acrobat (around neck)
 f - a ring of protection from cold (left hand)
Potions
 d - a potion of berserk rage {unknown}
 g - a potion of haste {unknown}

Dungeon Overview and Level Annotations

Branches:
Dungeon (3/15)              Sewer (1/1)

Altars:

Shops:
D:3 *


Message History

The jackal barely misses you. The jackal closely misses you.
You shoot an arrow. The arrow hits the jackal.
The jackal is moderately wounded.
The jackal closely misses you.
You shoot an arrow. The arrow barely misses the jackal.
The jackal barely misses you. The jackal misses you.
You shoot an arrow. The arrow hits the jackal!
You kill the jackal!
You enter the shallow water.
Moving in this stuff is going to be slow.
You enter the shallow water.
Moving in this stuff is going to be slow.
You enter the shallow water.
Moving in this stuff is going to be slow.
A water moccasin comes into view.
Found a scroll of teleportation and 12 gold pieces.
The water moccasin hisses angrily.
You shoot an arrow.
The arrow closely misses the water moccasin.
You shoot an arrow.
The arrow barely misses the water moccasin.
You shoot an arrow. The arrow hits the water moccasin.
The water moccasin is moderately wounded.
The water moccasin bites you.
You shoot an arrow. The arrow hits the water moccasin.
The water moccasin is moderately wounded.
The water moccasin bites you.
You are lethally poisoned!
The water moccasin poisons you!
The water moccasin bites you but does no damage.
You shoot an arrow. The arrow hits the water moccasin!
The water moccasin is severely wounded.
You feel very sick. The water moccasin bites you.
2076 ||| READING scroll of teleportation.
As you read the scroll of teleportation, it crumbles to dust.
You feel strangely unstable.
You feel very sick. The water moccasin bites you.
You die...

# #### # ..~.## ##
$ ## ~....### #.
?.##. #~..~.### #.
##~... #...~.###.
......# ##.~..~...
#...~.###
###.~...###.
#~.S@.####.~~..###
#.
###...~..~~..###
#. ###......### ##
######## # # #


You could see a water moccasin.

Vanquished Creatures
  Jessica (D:2)
  An adder (D:2)
  3 worms (D:2)
  2 dart slugs
  2 orcs
  5 endoplasms
  A giant cockroach (D:3)
  7 goblins
  6 hobgoblins
  5 jackals
  4 quokkas
  4 ball pythons
  4 bats
  2 frilled lizards
  6 kobolds
  6 rats
59 creatures vanquished.

Notes
Turn   | Place    | Note
-------+----------+-------------------------------------------
     0 | D:1      | qw the Deep Elf Hunter began the quest for the Orb.
     0 | D:1      | Reached XP level 1. HP: 12/12 MP: 3/3
     0 | D:1      | 0 ||| qw: Version: 0.3-a-9-g12657ce
     0 | D:1      | 0 ||| qw: Game counter: 2103
     0 | D:1      | 0 ||| qw: Always use a shield: true
     0 | D:1      | 0 ||| qw: God list: Okawaru
     0 | D:1      | 0 ||| qw: Allow faded altars: false
     0 | D:1      | 0 ||| qw: Do Orc after D:15 true
     0 | D:1      | 0 ||| qw: Do second Lair branch before Depths: true
     0 | D:1      | 0 ||| qw: Lair rune preference: random
     0 | D:1      | 0 ||| qw: Plans: Normal
     0 | D:1      | 0 ||| PLANNING D:1-11
   217 | D:1      | Reached XP level 2. HP: 16/16 MP: 4/4
   221 | D:1      | Reached skill level 6 in Ranged Weapons
   782 | D:1      | 782 ||| UPGRADING to ring of protection from cold.
   783 | D:1      | 783 ||| READING scroll labelled SUZEHA PONA.
   784 | D:1      | 784 ||| DROPPING scroll of butterflies.
   825 | D:2      | Noticed Jessica
   830 | D:2      | Killed Jessica
   831 | D:2      | Reached skill level 7 in Ranged Weapons
   831 | D:2      | Reached XP level 3. HP: 14/20 MP: 5/5
   971 | D:2      | Reached XP level 4. HP: 25/25 MP: 6/6
  1533 | D:2      | 1533 ||| UPGRADING to +0 pair of gloves.
  1538 | D:2      | 1538 ||| UPGRADING to +0 ring mail.
  1548 | D:2      | 1548 ||| DROPPING +0 leather armour.
  1549 | D:2      | 1549 ||| READING scroll labelled KEOCKA SEAPOLY.
  1554 | D:2      | 1554 ||| DRINKING 2 ruby potions.
  1555 | D:2      | 1555 ||| DROPPING potion of brilliance.
  1566 | D:3      | Found Keammaji's Assorted Antiques.
  1567 | D:3      | 1567 ||| PLANNING SEWER
  1571 | D:3      | 1571 ||| BUYING copper ring (115 gold).
  1571 | D:3      | Bought a copper ring for 115 gold pieces
  1571 | D:3      | 1571 ||| SHOPLISTING ivory wand (92 gold, have 26).
  1571 | D:3      | 1571 ||| SHOPLISTING orcbow (80 gold, have 26).
  1571 | D:3      | 1571 ||| SHOPLISTING runed robe (85 gold, have 26).
  1571 | D:3      | 1571 ||| SHOPLISTING scroll of identify (46 gold, have 26).
  1861 | D:3      | Reached skill level 8 in Ranged Weapons
  2017 | D:3      | Found a glowing drain.
  2018 | D:3      | 2018 ||| UPGRADING to +0 cloak.
  2023 | D:3      | 2023 ||| UPGRADING to amulet of the acrobat.
  2028 | D:3      | 2028 ||| UPGRADING to +5 ring of evasion.
  2032 | Sewer    | Entered a sewer
  2037 | Sewer    | 2037 ||| Stepping ~*~*~tactically~*~*~ (water).
  2042 | Sewer    | 2042 ||| Stepping ~*~*~tactically~*~*~ (water).
  2044 | Sewer    | 2044 ||| Stepping ~*~*~tactically~*~*~ (water).
  2070 | Sewer    | Noticed a water moccasin
  2075 | Sewer    | HP: 5/25 [water moccasin (4)]
  2076 | Sewer    | 2076 ||| READING scroll of teleportation.
  2076 | Sewer    | HP: 2/25 [poisoned by a water moccasin]
  2076 | Sewer    | Slain by a water moccasin

Levels and vault maps discovered:
D:1:      spicycebolla_arrival_xxxplode, layout_loops_ring,
          chequers_serial_rivers_small_b
D:2:      layout_loops_ring, uniq_jessica
D:3:      layout_rooms, serial_shops, nicolae_shop_tiny_waterfront,
          gup_sewer_entry_bowl, st_stairs_2, hex_large
Sewer:    sewer_the_moccasin

Skill      XL: |  1  2  3  4 |
---------------+-------------+-----
Ranged Weapons | 7 8 |  8.0
Fighting       | |  1.5
Dodging        | |  2.4
Stealth        | |  1.2

Action                     |  1- 3 |  4- 6 || total
---------------------------+-------+-------++-------
   Fire: Shortbow          |    73 |    88 ||   161
    Use: Scroll            |     1 |     2 ||     3
         Potion            |       |     1 ||     1
 Armour: Leather armour    |     2 |     3 ||     5
         Ring mail         |       |     4 ||     4
  Dodge: Dodged            |    10 |    20 ||    30

Table legend:
 A = Non-vault XP
 B = Vault XP
 C = Vault XP percentage of total XP
 D = Non-vault monster count
 E = Vault monster count
 F = Vault count percentage of total count
                 A         B        C        D         E       F
            +---------+---------+-------+---------+---------+-------
      Total |     106 |      51 |  32.5 |      50 |       9 |  15.3
            +---------+---------+-------+---------+---------+-------
        D:1 |      35 |       0 |   0.0 |      21 |       0 |   0.0
        D:2 |      50 |      37 |  42.5 |      16 |       1 |   5.9
        D:3 |      21 |      10 |  32.3 |      13 |       6 |  31.6
      Sewer |       0 |       4 | 100.0 |       0 |       2 | 100.0
            +---------+---------+-------+---------+---------+-------
